 Dungeon Crawl Stone Soup version 0.16.2-12-gd0ad4c3 (webtiles) character file.

1047 dvd the Chucker (level 8, -7/80 HPs)
             Began as an Ogre Hunter on Sept 19, 2015.
             Was a Follower of Okawaru.
             Mangled by a water moccasin (8 damage)
             ... on level 6 of the Dungeon.
             The game lasted 00:27:52 (5363 turns).

dvd the Chucker (Ogre Hunter)                       Turns: 5363, Time: 00:27:52

Health: -7/80      AC:  3    Str: 24    XL:     8   Next: 25%
Magic:  8/8        EV: 11    Int: 10    God:    Okawaru [*.....]
Gold:   211        SH:  0    Dex: 11    Spells: 0 memorised, 7 levels left

rFire  . . .     SeeInvis .     p - +1 mace
rCold  . . .     Clarity  .     z - +0 robe
rNeg   . . .     SustAb   .     (shield restricted)
rPois  +         Gourm    .     (helmet restricted)
rElec  .         Spirit   .     (no cloak)
rCorr  .         Warding  .     (gloves unavailable)
rMut   .         Stasis   .     (boots unavailable)
MR     .....                    (no amulet)
Stlth  +.........               t - ring of poison resistance
                                y - +5 ring of strength

@: not resistant to hostile enchantments, very unstealthy
A: unfitting armour, tough skin 1
a: Heroism, Renounce Religion


You were on level 6 of the Dungeon.
You worshipped Okawaru.
Okawaru was aware of your devotion.
You were hungry.

You visited 2 branches of the dungeon, and saw 7 of its levels.

You collected 211 gold pieces.

Inventory:

Hand weapons
 a - a +0 mace
 i - a +0 flail
 k - a +0 flail
 p - a +1 mace (weapon)
 v - a +0 flail
 w - a +0 flail
 B - a +0 war axe of draining
Armour
 c - a +0 robe
 d - a +0 animal skin
 z - a +0 robe (worn)
Jewellery
 g - an uncursed ring of wizardry
 t - a ring of poison resistance (right hand)
 y - a +5 ring of strength (left hand)
Magical devices
 A - a wand of frost (7)
 G - a wand of cold (9)
Scrolls
 o - a scroll of amnesia
 r - 4 scrolls of identify
 u - a scroll of enchant weapon
Potions
 e - a potion of resistance
 l - a potion of curing
 s - a potion of restore abilities
 C - a potion of might
Comestibles
 f - 2 meat rations
 h - 4 bread rations
 m - a chunk of flesh
 n - 3 beef jerkies
 q - 3 fruits
 E - a royal jelly
 H - a slice of pizza


   Skills:
 + Level 5.1 Fighting
 + Level 4.2 Maces & Flails
 + Level 7.6 Throwing
 + Level 5.2 Dodging
 - Level 1.5 Stealth


You had 7 spell levels left.
You didn't know any spells.

Dungeon Overview and Level Annotations

Branches:
Dungeon (6/15)             Temple (1/1) D:5

Altars:
Ashenzari
Cheibriados
Dithmenos
Elyvilon
Fedhas
Gozag
Kikubaaqudgha
Makhleb
Nemelex Xobeh
Okawaru
Qazlal
Ru
Sif Muna
Trog
Vehumet
Xom
Yredelemnul
Zin
The Shining One

Annotations:
D:3 Edmund


Innate Abilities, Weirdness & Mutations

You are too large for most types of armour.
You have tough skin (AC +1).


Message History

Press: ? - help, Shift-Dir - straight line, f/p - water moccasin
Aim: a water moccasin (severely wounded)
You throw a tomahawk.
The tomahawk barely misses the water moccasin.
The tomahawk completely misses the giant frog zombie.
The tomahawk closely misses the shadow imp.
The water moccasin bites you but does no damage.
You sock the water moccasin!
The water moccasin is almost dead.
The water moccasin misses you. The water moccasin closely misses you.
You closely miss the water moccasin.
The water moccasin is almost dead.
The water moccasin bites you!
* * * LOW HITPOINT WARNING * * *
You miss the water moccasin.
The water moccasin is almost dead.
The water moccasin bites you.
* * * LOW HITPOINT WARNING * * *
The water moccasin bites you!
You die...

.##.#....###...
.........####.#
...........##.#
........##.##.# # .
..###...##.##.####.# ..#
. ###......P(......#...
............P........
..#.#...>.....####.##..##
.......(....5ZS@........
...........#..####.##.###
...#..##..#.... .. #.#..
#..#..### #.# #.. #.##..#
# . #.##..# #. #..# #...
#..#


You could see a water moccasin, a shadow imp and a giant frog zombie.

Vanquished Creatures
  Menkaure (D:4)
  The ghost of North the Poker, an average MfGl of Cheibriados (D:3)
  A centaur (D:6)
  2 giant frogs (D:6)
  5 scorpions
  A crimson imp (D:5)
  2 hounds
  An iguana (D:5)
  An orc priest (D:3)
  An orc wizard (D:3)
  A worker ant (D:4)
  Robin (D:4)
  6 gnolls
  A worker ant zombie (D:5)
  4 adders
  A shadow imp (D:4)
  A giant mite (D:5)
  An adder skeleton (D:5)
  3 giant geckos
  8 orcs
  A bat skeleton (D:5)
  2 giant cockroaches
  14 goblins
  10 hobgoblins
  6 jackals (D:2)
  A quokka (D:4)
  A ball python (D:4)
  5 bats
  A giant gecko skeleton (D:5)
  2 giant newts
  A giant spore (D:6)
  A jackal skeleton (D:5)
  4 kobolds
  4 rats
  A ballistomycete (D:6)
97 creatures vanquished.

Notes
Turn   | Place    | Note
--------------------------------------------------------------
     0 | D:1      | dvd, the Ogre Hunter, began the quest for the Orb.
     0 | D:1      | Reached XP level 1. HP: 22/22 MP: 1/1
    24 | D:1      | You fall through a shaft!
    57 | D:2      | Reached XP level 2. HP: 29/29 MP: 2/2
    58 | D:2      | Reached skill level 5 in Throwing
    60 | D:2      | Reached XP level 3. HP: 36/36 MP: 3/3
   822 | D:3      | Reached XP level 4. HP: 44/44 MP: 4/4
   851 | D:3      | Reached skill level 1 in Stealth
  1096 | D:3      | Reached skill level 6 in Throwing
  1096 | D:3      | Reached XP level 5. HP: 34/53 MP: 5/5
  1424 | D:3      | Reached skill level 1 in Maces & Flails
  1719 | D:3      | Noticed North's ghost (average MfGl)
  1723 | D:3      | Killed North's ghost
  1839 | D:3      | Reached XP level 6. HP: 61/61 MP: 6/6
  2086 | D:4      | Noticed Edmund
  2551 | D:4      | Noticed Robin
  2566 | D:4      | Killed Robin
  2901 | D:4      | Found an iron altar of Okawaru.
  2930 | D:4      | Became a worshipper of Warmaster Okawaru
  3061 | D:4      | Noticed Menkaure
  3071 | D:4      | Killed Menkaure
  3071 | D:4      | Reached skill level 7 in Throwing
  3071 | D:4      | Reached XP level 7. HP: 70/70 MP: 7/7
  3583 | D:4      | Acquired Okawaru's first power
  3789 | D:5      | Entered Level 5 of the Dungeon
  4118 | D:5      | Found a staircase to the Ecumenical Temple.
  4157 | Temple   | Entered the Ecumenical Temple
  5043 | D:6      | Reached skill level 5 in Fighting
  5043 | D:6      | Reached XP level 8. HP: 47/80 MP: 8/8
  5296 | D:6      | Reached skill level 5 in Dodging
  5362 | D:6      | HP: 2/80 [water moccasin (9)]
  5363 | D:6      | Mangled by a water moccasin

Action                   |  1- 3 |  4- 6 |  7- 9 || total
-------------------------+-------+-------+-------++-------
Melee: Mace              |    39 |    17 |    28 ||    84
       Flail             |       |    90 |    69 ||   159
Throw: Large rock        |    27 |    45 |    13 ||    85
       Throwing net      |     7 |     9 |       ||    16
       Tomahawk          |       |    25 |    18 ||    43
  Use: Scroll            |       |     1 |     6 ||     7
       Potion            |       |       |     7 ||     7
 Stab: Sleeping          |     1 |       |     1 ||     2
       Held in net/web   |       |     3 |       ||     3
  Eat: Chunk             |       |     5 |     2 ||     7
       Pizza             |       |     1 |       ||     1
       Meat ration       |       |       |     1 ||     1
